 Dungeon Crawl Stone Soup version 0.22.1-1-ga44c0e5 (webtiles) character file.

47230 Zachthehappycat2 the Fighter (level 14, -2/129 HPs)
             Began as a Minotaur Berserker on Oct 20, 2018.
             Was a High Priest of Trog.
             Shot with a bolt by a tengu warrior (9 damage)
             ... on level 13 of the Dungeon on Oct 21, 2018.
             The game lasted 01:05:53 (23044 turns).

Zachthehappycat2 the Fighter (Minotaur Berserker)  Turns: 23044, Time: 01:05:54

Health: -2/129     AC: 19    Str: 25    XL:     14   Next: 7%
Magic:  0/13       EV: 13    Int:  4    God:    Trog [*****.]
Gold:   1536       SH:  0    Dex: 12    Spells: 13/13 levels left

rFire    + . .     SeeInvis .   B - +2 great mace (drain)
rCold    . . .     Gourm    .   (shield currently unavailable)
rNeg     . . .     Faith    .   f - +0 plate armour
rPois    +         Spirit   +   (helmet restricted)
rElec    .         Reflect  .   n - scarf {Spirit}
rCorr    .         Harm     .   W - +0 pair of gloves
MR       +....                  H - +0 pair of boots
Stlth    ..........             l - amulet "Dailur" {RegenMP rF+}
HPRegen  0.31/turn              K - +3 ring of slaying
MPRegen  0.38/turn              m - ring of poison resistance

@: about to teleport, hasted, very quick
A: retaliatory headbutt, horns 2
a: Berserk, Trog's Hand, Brothers in Arms, Renounce Religion


You were on level 13 of the Dungeon.
You worshipped Trog.
Trog was extremely pleased with you.
You were hungry.

You visited 3 branches of the dungeon, and saw 20 of its levels.
You also visited: Labyrinth.

You collected 1536 gold pieces.

Inventory:

Hand Weapons
 B - a +2 great mace of draining (weapon)
 U - a +0 dagger of chaos
Missiles
 D - 22 javelins of returning (quivered)
 P - 2 tomahawks of dispersal
Armour
 f - a +0 plate armour (worn)
 n - a scarf of spirit shield (worn)
 H - a +0 pair of boots (worn)
 L - a +2 buckler
 W - a +0 pair of gloves (worn)
 Z - a +0 large shield
Jewellery
 l - the amulet "Dailur" (around neck) {RegenMP rF+}
   (You found it on level 6 of the Lair of Beasts)

   [amulet of magic regeneration]

   It increases your magic regeneration.
   It protects you from fire.
 m - a ring of poison resistance (right hand)
 A - a +2 ring of protection
 K - a +3 ring of slaying (left hand)
 O - a +4 ring of strength
 S - an uncursed ring of see invisible
Wands
 a - a wand of enslavement (37)
 r - a wand of paralysis (40)
 s - a wand of digging (18)
 y - a wand of iceblast (17)
 E - a wand of scattershot (5)
 R - a wand of acid (17)
 V - a wand of disintegration (11)
Scrolls
 b - 2 scrolls of blinking {unknown}
 d - 13 scrolls of teleportation
 e - 4 scrolls of enchant armour {unknown}
 g - 4 scrolls of immolation {unknown}
 i - 3 scrolls of remove curse
 j - 4 scrolls of noise {unknown}
 k - 4 scrolls of acquirement
 w - 2 scrolls of fog {unknown}
 F - 2 scrolls of random uselessness {unknown}
 G - 3 scrolls of magic mapping {unknown}
 I - a scroll of brand weapon {unknown}
 Q - 4 scrolls of fear
 T - a scroll of holy word {unknown}
 X - 4 scrolls of enchant weapon {unknown}
 Y - a scroll of torment {unknown}
Potions
 h - 3 potions of agility
 o - 4 potions of haste
 t - 2 potions of flight
 v - 4 potions of might
 x - a potion of magic
 z - 4 potions of mutation
 C - a potion of cancellation
 N - 2 potions of lignification
Miscellaneous
 M - a lamp of fire
Comestibles
 c - 29 rations


   Skills:
 + Level 13.3 Fighting
 + Level 13.2 Maces & Flails
 - Level 6.4 Throwing
 + Level 12.9 Armour
 + Level 12.0 Dodging
 + Level 11.7 Shields


You had 13 spell levels left.
You didn't know any spells.
Your spell library was empty.

Dungeon Overview and Level Annotations

Branches:
Dungeon (13/15)            Temple (0/1) D:7            Lair (6/6) D:11
  Swamp (0/4) Lair:3        Snake (0/4) Lair:4        Slime (0/5) Lair:6
    Orc (1/2) D:12
 Vaults: D:13-14

Altars:
Cheibriados
Gozag
Kikubaaqudgha
Makhleb
Nemelex Xobeh
Trog
Wu Jian
Zin

Shops:
D:6 %

Annotations:
Lair:6 exclusion: 5 oklob plants
Orc:1 Urug


Innate Abilities, Weirdness & Mutations

You reflexively headbutt those who attack you in melee.
You have a pair of horns on your head.


Message History

The centaur warrior zombie hits you but does no damage.
The centaur warrior zombie hits you.
The centaur warrior zombie hits you but does no damage.
The tengu warrior unwields an uncursed battleaxe.
The tengu warrior wields an uncursed arbalest.
The tengu warrior shoots a bolt.
The bolt hits you!!
* * * LOW HITPOINT WARNING * * *
The centaur warrior zombie hits you.
* * * LOW HITPOINT WARNING * * *
You see here a bolt.
You feel yourself speed up.
The centaur warrior zombie hits you but does no damage.
The tengu warrior shoots a bolt.
The bolt hits you!
* * * LOW HITPOINT WARNING * * *
As you read the scroll of teleportation, it crumbles to dust.
You feel strangely unstable.
The centaur warrior zombie hits you but does no damage.
The centaur warrior zombie closely misses you.
The tengu warrior shoots a bolt.
The bolt hits you!
You die...

..# #.# .....#
..#######)# #####.....#
..........####.........#
..............(.......##
..#####(..(..(..........
..#####.................
......+........QQ.......
.######........Z........
......#.........@.[...#.
#####.########....?...#
..# #.# #........# ..#
#.# #########.. ..# #.#
.. ..# #.# ..###.#
......# ..#####


You could see 2 tengu warriors and a centaur warrior zombie.

Vanquished Creatures
  Kirke (D:13)
  A minotaur (Lab)
  The ghost of SeriousVitamin the Carver, a journeyman DsFi of Okawaru (Lair:3)
  Harold (D:11)
  A catoblepas (Lair:6)
  5 hydras
  The ghost of Xaitooz the Blocker, a journeyman GrFi of Cheibriados (Lair:2)
  A two-headed ogre (D:9)
  5 skeletal warriors (D:13)
  An unseen horror (D:10)
  An ugly thing (D:13)
  A cyclops (D:13)
  2 black mambas
  8 spiny frogs
  A gargoyle (D:10)
  Psyche (D:11)
  5 rime drakes
  6 komodo dragons
  A troll (D:12)
  Grinder (D:3)
  10 polar bears
  3 raiju (Lair:6)
  A blink frog (shapeshifter) (D:13)
  7 hippogriffs
  2 wyverns
  Sigmund (D:2)
  23 yaks
  A basilisk (Lair:4)
  3 wraiths
  2 hogs (D:13)
  A steam dragon (D:12)
  Menkaure (D:5)
  Grum (D:8)
  3 vampire mosquitoes (D:13)
  2 nagas (Lair:4)
  4 wargs (Lair:6)
  An acid dragon (D:9)
  15 water moccasins
  Duvessa (D:5)
  13 hell hounds (Lair:6)
  A soldier ant (D:12)
  9 porcupines
  6 sky beasts
  2 ice beasts
  12 black bears
  An eye of draining (D:13)
  A necrophage (D:7)
  6 ogres
  A phantom (D:12)
  8 centaurs
  30 wolves
  16 crocodiles
  Blork the orc (D:5)
  A big kobold (D:9)
  12 bullfrogs
  A wyvern skeleton (D:8)
  Dowan (D:5)
  2 scorpions
  An elephant simulacrum (Lair:2)
  7 killer bees
  7 wights
  3 electric eels
  4 howler monkeys
  4 crimson imps
  4 centaur zombies
  A hippogriff simulacrum (Lair:2)
  5 hounds
  2 quasits
  2 bullfrog zombies
  4 bullfrog skeletons
  A jelly (D:7)
  5 orc priests
  9 orc wizards
  A centaur skeleton (D:7)
  Ijyb (D:3)
  2 iguanas
  7 hell rats (Lair:6)
  12 worker ants
  A killer bee zombie (D:10)
  A bullfrog simulacrum (D:9)
  2 hound zombies
  A howler monkey skeleton (D:11)
  2 worker ant zombies
  10 adders
  2 crocodile simulacra (Lair:2)
  A shadow imp (D:11)
  An ooze (D:2)
  An adder zombie (D:7)
  2 adder skeletons
  2 worms
  2 dart slugs
  7 leopard geckos
  35 orcs
  7 giant cockroaches
  3 goblins
  9 hobgoblins
  14 jackals
  8 kobolds
  5 quokkas
  3 ball pythons
  5 bats
  6 frilled lizards
  A leopard gecko skeleton (D:7)
  3 rats
467 creatures vanquished.

Vanquished Creatures (collateral kills)
  A hydra (D:9)
  The ghost of emiel the Thaumaturge, a novice TeEE of Cheibriados (D:9)
  A torpor snail (Lair:4)
  2 rime drakes (Lair:2)
  A polar bear (Lair:6)
  4 dream sheep (Lair:4)
  A raiju (Lair:6)
  A basilisk (Lair:1)
  A porcupine (Lair:1)
13 creatures vanquished.

Vanquished Creatures (others)
  4 fungi
  14 plants
18 creatures vanquished.

Grand Total: 498 creatures vanquished

Notes
Turn   | Place    | Note
-------+----------+-------------------------------------------
     0 | D:1      | Zachthehappycat2 the Minotaur Berserker began the quest for
                  | the Orb.
     0 | D:1      | Reached XP level 1. HP: 19/19 MP: 0/0
   189 | D:1      | Reached XP level 2. HP: 27/27 MP: 1/1
   917 | D:2      | Reached XP level 3. HP: 32/33 MP: 2/2
   963 | D:2      | Noticed Sigmund
   983 | D:2      | Killed Sigmund
   983 | D:2      | Reached XP level 4. HP: 23/41 MP: 3/3
   983 | D:2      | Reached XP level 5. HP: 27/47 MP: 4/4
  1133 | D:2      | Found an ancient bone altar of Kikubaaqudgha.
  1133 | D:2      | Found a sparkling altar of Nemelex Xobeh.
  1136 | D:2      | Found a bloodstained altar of Trog.
  1210 | D:2      | Reached ** piety under Trog
  1770 | D:3      | Noticed Grinder
  1779 | D:3      | Killed Grinder
  1779 | D:3      | Reached skill level 5 in Fighting
  1779 | D:3      | Reached skill level 5 in Maces & Flails
  1779 | D:3      | Reached XP level 6. HP: 56/56 MP: 5/5
  2067 | D:3      | Noticed Ijyb
  2071 | D:3      | Paralysed by Ijyb for 6 turns
  2077 | D:3      | Killed Ijyb
  2219 | D:3      | Reached skill level 5 in Armour
  2485 | D:4      | Reached XP level 7. HP: 62/62 MP: 6/6
  2842 | D:4      | Reached *** piety under Trog
  3245 | D:5      | Entered Level 5 of the Dungeon
  3251 | D:5      | Found a glowing silver altar of Zin.
  3355 | D:5      | Noticed Duvessa
  3363 | D:5      | Noticed Dowan
  3365 | D:5      | Reached skill level 5 in Dodging
  3376 | D:5      | Killed Duvessa
  3415 | D:5      | Found a snail-covered altar of Cheibriados.
  3424 | D:5      | Killed Dowan
  3432 | D:5      | Reached XP level 8. HP: 11/71 MP: 7/7
  3773 | D:5      | Noticed Menkaure
  3780 | D:5      | Killed Menkaure
  4182 | D:5      | Noticed Blork the orc
  4197 | D:5      | Killed Blork the orc
  4674 | D:5      | Found a burning altar of Makhleb.
  4693 | D:5      | Reached **** piety under Trog
  5546 | D:6      | Reached XP level 9. HP: 75/81 MP: 8/8
  5719 | D:6      | Found Kaohun's Food Emporium.
  6169 | D:7      | Found a staircase to the Ecumenical Temple.
  6213 | D:7      | Reached skill level 1 in Shields
  6530 | D:7      | Reached ***** piety under Trog
  6975 | D:8      | Received a gift from Trog
  7207 | D:8      | Found an ornate altar of the Wu Jian Council.
  7216 | D:8      | Reached XP level 10. HP: 81/91 MP: 9/9
  7289 | D:8      | Noticed Grum
  7300 | D:8      | Reached skill level 5 in Shields
  7316 | D:8      | Killed Grum
  7708 | D:9      | Noticed a two-headed ogre
  7720 | D:9      | Killed a two-headed ogre
  8970 | D:9      | Found a runed gate.
  9010 | D:9      | Found an opulent altar of Gozag.
  9011 | D:9      | Found a runed gate.
  9011 | D:9      | Found a runed gate.
  9011 | D:9      | Noticed a six-headed hydra
  9011 | D:9      | Noticed emiel's ghost (novice TeEE)
  9020 | D:9      | Killed emiel's ghost
  9022 | D:9      | Killed a seven-headed hydra
  9022 | D:9      | Reached skill level 1 in Throwing
  9224 | D:10     | Entered Level 10 of the Dungeon
  9228 | D:10     | Noticed a gargoyle
  9251 | D:10     | Killed a gargoyle
  9251 | D:10     | Reached skill level 10 in Fighting
  9594 | D:10     | Reached skill level 10 in Maces & Flails
  9611 | D:10     | Reached XP level 11. HP: 75/99 MP: 10/10
  9855 | D:10     | Killed an unseen horror
 10666 | D:11     | Reached skill level 10 in Armour
 10817 | D:11     | Found a staircase to the Lair.
 10891 | D:11     | Noticed Harold
 10906 | D:11     | Killed Harold
 11431 | D:11     | Noticed Psyche
 11441 | D:11     | Killed Psyche
 11657 | Lair:1   | Entered Level 1 of the Lair of Beasts
 12340 | Lair:1   | Got a polished longbow
 12360 | Lair:1   | Lost intelligence.
 12360 | Lair:1   | Identified the +1 longbow of Lyopash {flame, rC+ Int-4
                  | SInv} (You found it on level 1 of the Lair of Beasts)
 12927 | Lair:2   | Reached XP level 12. HP: 30/110 MP: 11/11
 13221 | Lair:2   | Found a runed gate.
 13221 | Lair:2   | Found a runed gate.
 13221 | Lair:2   | Found a runed gate.
 13224 | Lair:2   | Reached skill level 10 in Dodging
 13268 | Lair:2   | Noticed Xaitooz's ghost (journeyman GrFi)
 13291 | Lair:2   | Killed Xaitooz's ghost
 13553 | Lair:2   | Reached skill level 5 in Throwing
 13788 | Lair:2   | Received a gift from Trog
 14203 | Lair:3   | Found a runed door.
 14208 | Lair:3   | Noticed SeriousVitamin's ghost (journeyman DsFi)
 14224 | Lair:3   | Killed SeriousVitamin's ghost
 14998 | Lair:3   | Noticed an eight-headed hydra
 15009 | Lair:3   | Killed an eight-headed hydra
 15009 | Lair:3   | Reached skill level 10 in Shields
 15650 | Lair:3   | Found a staircase to the Swamp.
 16703 | Lair:4   | Found a staircase to the Snake Pit.
 16947 | Lair:4   | You fall through a shaft for 2 floors!
 16947 | Lair:6   | Entered Level 6 of the Lair of Beasts
 16959 | Lair:6   | Noticed a four-headed hydra
 16972 | Lair:6   | Killed a four-headed hydra
 17064 | Lair:6   | Reached XP level 13. HP: 86/118 MP: 12/12
 17182 | Lair:5   | Found a labyrinth entrance.
 17237 | Lair:5   | Identified 4 scrolls of acquirement
 17249 | Lab      | Entered a labyrinth
 17826 | Lab      | Noticed a minotaur
 17832 | Lab      | Killed a minotaur
 19333 | Lair:6   | Received a gift from Trog
 19635 | Lair:6   | Found a staircase to the Slime Pits.
 20475 | Lair:6   | Received a gift from Trog
 21053 | Lair:6   | Got a vibrating ivory amulet
 21079 | Lair:6   | Identified the amulet "Dailur" {RegenMP rF+} (You found it
                  | on level 6 of the Lair of Beasts)
 21141 | Lair:6   | HP: 1/119 [raiju/living lightning (8)]
 22421 | D:12     | Found a staircase to the Orcish Mines.
 22701 | Orc:1    | Entered Level 1 of the Orcish Mines
 22701 | Orc:1    | Noticed Urug
 22907 | D:13     | Noticed Kirke
 22948 | D:13     | Killed Kirke
 22948 | D:13     | Reached XP level 14. HP: 93/129 MP: 11/13
 23038 | D:13     | HP: 6/129 [tengu warrior/bolt (13)]
 23044 | D:13     | Shot with a bolt by a tengu warrior

Skill      XL: |  1  2  3  4  5  6  7  8  9 10 11 12 13 |
---------------+----------------------------------------+-----
Maces & Flails | 4 5 6 7 9 10 11 12 13 | 13.2
Fighting       | 4 5 6 7 9 10 11 12 13 | 13.3
Armour         | 3 4 5 6 7 8 9 10 11 12 | 12.9
Dodging        | 3 4 5 6 7 8 9 10 12 | 12.0
Shields        | 4 7 9 10 11 | 11.7
Throwing       | 1 4 6 |  6.4

Action                   |  1- 3 |  4- 6 |  7- 9 | 10-12 | 13-15 || total
-------------------------+-------+-------+-------+-------+-------++-------
Melee: Mace              |    62 |    80 |   431 |   490 |       ||  1063
       Headbutt          |     8 |    12 |   102 |   206 |    81 ||   409
       Flail             |       |       |       |   159 |       ||   159
       Great mace        |       |       |       |   141 |   353 ||   494
 Fire: Blowgun           |       |       |       |    12 |       ||    12
Invok: Berserk           |       |     1 |     3 |     6 |     3 ||    13
       Trog's Hand       |       |     1 |     1 |     3 |     2 ||     7
       Brothers in Arms  |       |       |       |     4 |     2 ||     6
  Use: Scroll            |     3 |       |     1 |    12 |     3 ||    19
       Potion            |     1 |     1 |       |    10 |    10 ||    22
  Eat: Chunk             |       |     6 |    19 |    26 |     6 ||    57
       Ration            |       |       |       |     4 |     5 ||     9
Armor: Plate armour      |    32 |    80 |   340 |   486 |   321 ||  1259
       Animal skin       |     3 |       |       |       |       ||     3
Dodge: Dodged            |    27 |    51 |   245 |   453 |   358 ||  1134
Block: Buckler           |       |       |    48 |   239 |       ||   287
